 Dungeon Crawl Stone Soup version 0.25-a0-289-g406d6369f5 (webtiles) character file.

Game seed: 18267734558090844765, levelgen mode: deterministic

135 MoonlitKnight the Magician (level 4, -4/24 HPs)
             Began as a Deep Elf Fire Elementalist on Dec 12, 2019.
             Slain by an orc warrior
             ... wielding a +0 flail
              (5 damage)
             ... on level 2 of the Dungeon on Dec 13, 2019.
             The game lasted 00:10:09 (2746 turns).

MoonlitKnight the Magician (DEFE)                   Turns: 2746, Time: 00:10:09

Health: -4/24      AC:  2    Str:  6    XL:     4   Next: 96%
Magic:  0/12       EV: 14    Int: 20    God:
Gold:   155        SH:  0    Dex: 15    Spells: 4/12 levels left

rFire    . . .     SeeInvis .   a - +1 dagger (holy)
rCold    . . .     Gourm    .   (no shield)
rNeg     . . .     Faith    .   k - +0 robe
rPois    .         Spirit   .   (no helmet)
rElec    .         Reflect  .   (no cloak)
rCorr    .         Harm     .   (no gloves)
MR       .....                  (no boots)
Stlth    ++........             (no amulet)
HPRegen  0.08/turn              (no ring)
MPRegen  0.13/turn              (no ring)

@: very slightly contaminated
A: no striking features
a: no special abilities


You were on level 2 of the Dungeon.
You were not hungry.

You visited 1 branch of the dungeon, and saw 3 of its levels.

You collected 155 gold pieces.

Inventory:

Hand Weapons
 a - a +1 dagger of holy wrath (weapon)
 b - a +0 hunting sling
 o - a +0 dagger
Missiles
 h - a throwing net
 n - 15 poisoned darts (quivered)
 r - 6 atropa-tipped darts
Armour
 k - a +0 robe (worn)
Jewellery
 g - an uncursed amulet of the acrobat {unknown}
Scrolls
 d - 5 scrolls of teleportation {unknown}
 j - a scroll of noise {unknown}
 m - 2 scrolls of remove curse {unknown}
 p - 2 scrolls of identify {unknown}
 s - a scroll of fog {unknown}
Potions
 e - a potion of berserk rage {unknown}
 f - a potion of ambrosia {unknown}
 i - a potion of haste {unknown}
 l - a potion of degeneration {unknown}
 q - a potion of invisibility {unknown}
Comestibles
 c - 5 rations


   Skills:
 + Level 3.9 Dodging
 - Level 2.4 Stealth
 + Level 4.6 Spellcasting
 + Level 3.0 Conjurations
 - Level 3.6 Fire Magic


You had 4 spell levels left.
You knew the following spells:

 Your Spells              Type           Power        Failure   Level  Hunger
a - Foxfire               Conj/Fire      ###.         3%          1    None
b - Conjure Flame         Conj/Fire      ###.....     10%         3    ##.....
c - Sticky Flame          Conj/Fire      ###.....     30%         4    ####...

Your spell library contained the following spells:

 Spells                   Type           Power        Failure   Level  Hunger
 Inner Flame              Hex/Fire       ##......     17%         3    ##.....
 Fireball                 Conj/Fire      ###.......   65%         5    ######.


Dungeon Overview and Level Annotations

Branches:
Dungeon (3/15)

Altars:
Zin


Message History

Press: ? - help, Shift-Dir - straight line, f - orc warrior
Aim: an orc warrior, wielding a +0 flail and wearing a +0 plate armour The sticky flame hits the orc warrior but does no damage.
The orc warrior is covered in liquid flames!
The orc warrior burns!
The orc warrior burns!
The orc warrior hits you with a +0 flail.
The orc warrior burns!
The orc warrior burns!
The orc warrior burns!
The orc warrior stops burning.
Casting: Sticky Flame (quite dangerous; 30% risk of failure)
Confirm with . or Enter, or press ? or * to list all spells.
Aiming: Sticky Flame (quite dangerous; 30% risk of failure)
Press: ? - help, Shift-Dir - straight line, f/p - orc warrior
Aim: an orc warrior, wielding a +0 flail and wearing a +0 plate armour (severely wounded)
You miscast Sticky Flame.
A wave of violent energy washes through your body!
* * * LOW HITPOINT WARNING * * *
The orc warrior hits you with a +0 flail.
You die...

.#.......# #..#.##.....
...### ##......(#
#..#.#>$.... ..._#. #.......#
###....##..... ...##.
#.......####...#..##8...8
..8### #.........##.#.#.>#
##8## 8# #'
#...............### ## ##
###'####.#.#.#.#.# #
................o# #
.######..#.#.#.#@# ####### #
.## #............# ##.....###
..# #.##.#.#.#.#.####
#........# #.#
#...............# #.#.#.##.#
..#
#.#..#.#.#.#..#.####.....##.#
#.#
#.##..........#.#....#.#..#.#
..#
#.#########.#.#.#.##......#.#
#.# #.# #.#.#.#.#.........#
..###.# #.#.#.#.#)#########


You could see an orc warrior.

Vanquished Creatures
  Terence (D:3)
  6 adders (D:2)
  2 worms (D:2)
  An orc (D:3)
  2 ball pythons (D:1)
  10 goblins
  7 hobgoblins
  3 jackals (D:2)
  4 kobolds
  5 bats
  4 frilled lizards
  7 rats
52 creatures vanquished.

Vanquished Creatures (others)
  111 foxfires
111 creatures vanquished.

Grand Total: 163 creatures vanquished

Notes
Turn   | Place    | Note
-------+----------+-------------------------------------------
     0 | D:1      | MoonlitKnight the Deep Elf Fire Elementalist began the
                  | quest for the Orb.
     0 | D:1      | Reached XP level 1. HP: 10/10 MP: 6/6
   315 | D:1      | Reached XP level 2. HP: 12/15 MP: 6/8
  1173 | D:2      | Reached XP level 3. HP: 19/19 MP: 6/10
  1269 | D:2      | Found a faded altar of an unknown god.
  1274 | D:2      | Learned a level 3 spell: Conjure Flame
  1284 | D:2      | Reached skill level 4 in Spellcasting
  1300 | D:2      | Reached XP level 4. HP: 18/24 MP: 6/12
  1375 | D:2      | Learned a level 4 spell: Sticky Flame
  2289 | D:2      | Found a glowing silver altar of Zin.
  2440 | D:3      | Noticed Terence
  2448 | D:3      | Killed Terence
  2696 | D:3      | Noticed an orc warrior
  2746 | D:2      | HP: 1/24 [something (10)]
  2746 | D:2      | Slain by an orc warrior

Levels and vault maps discovered:
D:1:      sevenhm_arrival_forest_fort_large_1, layout_rooms
D:2:      layout_basic, nicolae_overflow_hidden_temple,
          chequers_ecumenical_altar_simple_redux, serial_glass, glass_columns_a,
          glass_columns_a, glass_columns_c, glass_columns_c, glass_columns_b,
          glass_columns_c, glass_columns_c, glass_columns_a, glass_columns_a,
          glass_columns_b, glass_columns_c, glass_columns_a, glass_columns_b,
          glass_columns_a
D:3:      layout_basic, first_ration, uniq_terence

Skill      XL: |  1  2  3  4 |
---------------+-------------+-----
Dodging        | 3 |  3.9
Conjurations   | 2 3 |  3.0
Spellcasting   | 4 |  4.6
Stealth        | |  2.4
Fire Magic     | |  3.6

Action                   |  1- 3 |  4- 6 || total
-------------------------+-------+-------++-------
Melee: Unarmed           |     1 |       ||     1
       Dagger            |     3 |    12 ||    15
 Cast: Foxfire           |    42 |    20 ||    62
       Sticky Flame      |       |     7 ||     7
       Conjure Flame     |       |     1 ||     1
 Stab: Sleeping          |       |     1 ||     1
  Eat: Chunk             |     1 |     6 ||     7
Armor: Robe              |     7 |     3 ||    10
Dodge: Dodged            |    32 |    11 ||    43

Table legend:
 A = Non-vault XP
 B = Vault XP
 C = Vault XP percentage of total XP
 D = Non-vault monster count
 E = Vault monster count
 F = Vault count percentage of total count
                 A         B        C        D         E       F
            +---------+---------+-------+---------+---------+-------
      Total |     156 |      37 |  19.2 |      48 |       4 |   7.7
            +---------+---------+-------+---------+---------+-------
        D:1 |      28 |       5 |  15.2 |      19 |       3 |  13.6
        D:2 |     123 |       0 |   0.0 |      27 |       0 |   0.0
        D:3 |       5 |      32 |  86.5 |       2 |       1 |  33.3
            +---------+---------+-------+---------+---------+-------
